 Dungeon Crawl Stone Soup version 0.30-a0-557-ge2afbf3030 (webtiles) character file.

Game seed: 5905624259177532508

1169 greasedhog the Chopper (level 8, -2/49 HPs)
             Began as a Tengu Fighter on Dec 28, 2022.
             Slain by Pikel
             ... wielding a +0 whip of flaming
              (9 damage)
             ... on level 6 of the Dungeon.
             The game lasted 00:07:27 (4469 turns).

greasedhog the Chopper (Tengu Fighter)              Turns: 4469, Time: 00:07:28

Health: -2/49      AC:  8    Str: 18    XL:     8   Next: 40%
Magic:  9/9        EV: 13    Int:  8    God:
Gold:   210        SH:  5    Dex: 15    Spells: 7/7 levels left

rFire   . . .      SeeInvis .    a - +0 war axe
rCold   . . .      Faith    .    c - +0 buckler
rNeg    . . .      Spirit   .    b - +0 scale mail
rPois   .          Reflect  .    (helmet restricted)
rElec   .          Harm     .    e - +0 cloak
rCorr   .          Rampage  .    (no gloves)
Will    .....                    (boots unavailable) Stlth
                                 (no amulet)
HPRegen 0.28/turn                (no ring)
MPRegen 0.11/turn                (no ring)

@: flying quickly and evasively, hasted, very quick
A: beak, talons 3, nimble flight
a: no special abilities


You were on level 6 of the Dungeon.
You visited 1 branch of the dungeon, and saw 6 of its levels.

You collected 243 gold pieces.
You spent 33 gold pieces at shops.

Inventory:

Hand Weapons
 a - a +0 war axe (weapon)
Missiles
 r - 3 poisoned darts (quivered)
Armour
 b - a +0 scale mail (worn)
 c - a +0 buckler (worn)
 e - a +0 cloak (worn)
Wands
 s - a wand of polymorph (5)
Scrolls
 f - 3 scrolls of teleportation
 g - a scroll of fear
 i - a scroll of vulnerability {unknown}
 j - a scroll of blinking {unknown}
 k - a scroll of magic mapping {unknown}
Potions
 d - 2 potions of curing
 h - 4 potions of flight
 l - 3 potions of brilliance
 n - a potion of invisibility
 o - 2 potions of mutation {unknown}
 p - 2 potions of magic {unknown}
 q - a potion of ambrosia {unknown}
 t - a potion of attraction {unknown}
 u - a potion of berserk rage {unknown}


   Skills:
 - Level 5.0 Fighting
 * Level 6.4 Axes
 * Level 2.8 Throwing
 - Level 6.0 Armour
 * Level 3.9 Dodging
 - Level 3.0 Shields


You had 7 spell levels left.
You didn't know any spells.
Your spell library contained the following spells:

 Spells                   Type           Power      Damage    Failure   Level
 Beastly Appendage        Tmut           0%         N/A       86%         1
 Wereblood                Tmut           0%         N/A       94%         2
 Spider Form              Tmut/Pois      0%         N/A       99%         3
 Summon Lightning Spire   Summ/Air       0%         N/A       100%        4
 Storm Form               Tmut/Air       0%         N/A       100%        7
 Maxwell's Capacitive Co  Air            0%         ∞         100%        8


Dungeon Overview and Level Annotations

Branches:
Dungeon (6/15)
 Temple: D:4-7

Altars:
Qazlal

Shops:
D:4 !

Annotations:
D:6 1 runed translucent door, Pikel; bmack86's ghost, novice MiFi


Innate Abilities, Weirdness & Mutations

You have a beak for a mouth.
You have claws for feet.
Your magical nature lets you fly swiftly and evasively.


Message History

Pikel burns you.
You hit Pikel. Your kick misses Pikel.
Pikel is heavily wounded.
Pikel misses you. Pikel barely misses you.
You slash Pikel! Your kick misses Pikel.
Pikel is severely wounded.
Pikel zaps a wand.
The puff of flame hits you.
A lemure comes into view.
You closely miss Pikel.
Pikel is severely wounded.
Pikel looks more healthy.
Pikel closely misses you.
You hit Pikel but do no damage. Your kick misses Pikel. Your peck misses Pikel.
Pikel is severely wounded.
Pikel zaps a wand.
The puff of flame hits you.
* * * LOW HITPOINT WARNING * * *
You feel yourself speed up.
Pikel zaps a wand.
The puff of flame hits you.
* * * LOW HITPOINT WARNING * * *
You hit Pikel but do no damage. You claw Pikel, but do no damage.
Pikel is severely wounded.
Pikel closely misses you.
You slash Pikel! You claw Pikel, but do no damage.
Pikel is almost dead.
Pikel zaps a wand.
The puff of flame hits you.
* * * LOW HITPOINT WARNING * * *
You closely miss Pikel. Your kick misses Pikel.
Pikel is almost dead.
Pikel hits you with a +0 whip of flaming.
* * * LOW HITPOINT WARNING * * *
Pikel burns you.
* * * LOW HITPOINT WARNING * * *
You hit Pikel but do no damage. Your kick misses Pikel.
Pikel is almost dead.
Pikel hits you with a +0 whip of flaming.
* * * LOW HITPOINT WARNING * * *
Pikel burns you.
* * * LOW HITPOINT WARNING * * *
You miss Pikel. You claw Pikel.
Pikel is almost dead.
Pikel hits you with a +0 whip of flaming!
You die...

.... .... ####### ..?
#.....##### ..# #.........##
.. #..........# .##
#........... #.# #...........
#@## #........... ###K##
#........... ##.#55#
#...........
#...#.###...........
#...#...#.[.........
##..5..#.............
#.....##............. #######
#......##+##.........
...K...####K....#rWS#.........


You could see Pikel and 2 lemures.

Vanquished Creatures
  Grinder (D:4)
  Eustachio (D:4)
  A black bear (D:4)
  An ogre (D:4)
  A centaur (D:5)
  A lemure (D:6)
  A bullfrog (D:4)
  Blork the orc (D:4)
  A scorpion (D:5)
  A necrophage (D:4)
  2 hounds (D:5)
  3 iguanas (D:5)
  Terence (D:2)
  5 adders
  4 white imps
  4 worms
  3 dart slugs
  2 orcs (D:3)
  10 bats
  7 endoplasms
  A giant cockroach (D:1)
  10 hobgoblins
  2 jackals (D:4)
  3 quokkas
  10 ball pythons
  A frilled lizard (D:1)
  9 kobolds
  8 rats
95 creatures vanquished.

Vanquished Creatures (others)
  A plant (D:1)
1 creature vanquished.

Grand Total: 96 creatures vanquished

Notes
Turn   | Place    | Note
-------+----------+-------------------------------------------
     0 | D:1      | greasedhog the Tengu Fighter began the quest for the Orb.
     0 | D:1      | Reached XP level 1. HP: 14/14 MP: 2/2
   346 | D:1      | Reached XP level 2. HP: 19/19 MP: 3/3
   864 | D:2      | Reached XP level 3. HP: 22/23 MP: 4/4
   893 | D:2      | Noticed Terence
   900 | D:2      | Killed Terence
   901 | D:2      | Reached XP level 4. HP: 27/29 MP: 5/5
  1650 | D:3      | Identified the +1 leather armour of Tevotud {*Corrode
                  | Regen+ Slay+6 SInv}
  1832 | D:3      | Gained mutation: Your magical nature lets you fly swiftly
                  | and evasively. [Tengu growth]
  1832 | D:3      | Reached XP level 5. HP: 33/33 MP: 6/6
  2318 | D:4      | Reached XP level 6. HP: 29/39 MP: 7/7
  2367 | D:4      | Reached skill level 5 in Armour
  2423 | D:4      | Noticed Grinder
  2435 | D:4      | Killed Grinder
  2436 | D:4      | Reached skill level 5 in Fighting
  2436 | D:4      | Reached XP level 7. HP: 11/44 MP: 8/8
  2676 | D:4      | Reached skill level 5 in Axes
  2676 | D:4      | Reached skill level 1 in Dodging
  2688 | D:4      | Noticed Eustachio
  2714 | D:4      | Killed Eustachio
  2739 | D:4      | Found Toxitymn's Distillery.
  2747 | D:4      | Reached skill level 1 in Throwing
  2764 | D:4      | Bought a potion of curing for 33 gold pieces
  2883 | D:4      | Noticed Blork the orc
  2892 | D:4      | Killed Blork the orc
  2893 | D:4      | Reached XP level 8. HP: 16/49 MP: 9/9
  3319 | D:5      | Entered Level 5 of the Dungeon
  3809 | D:5      | Found a stormy altar of Qazlal.
  4296 | D:5      | Found a runed translucent door.
  4297 | D:5      | Noticed Crazy Yiuf
  4302 | D:5      | Crazy Yiuf changed into Crazy Yiuf the ball python
  4302 | D:5      | Noticed Crazy Yiuf
  4304 | D:5      | Killed Crazy Yiuf the ball python
  4406 | D:6      | Found a runed translucent door.
  4416 | D:6      | Noticed bmack86's ghost (novice MiFi)
  4432 | D:6      | Noticed Pikel
  4469 | D:6      | Slain by Pikel

Illustrated notes

Levels and vault maps discovered:
D:1:      giann_bridges, layout_basic, supply_closet_lemuel
D:2:      layout_basic, minmay_misc_feat_nine_boxes, minmay_misc_feat_alley,
          dk_vineyard_2, grunt_ministairs_15, minmay_pentomino_r2, uniq_terence
D:3:      layout_basic
D:4:      layout_cave_pools, serial_co_window_serial, co_window_paths_a,
          co_window_paths_b, co_window_paths_a, co_window_of_opportunity_a,
          co_window_corner_a, co_window_corner_b, co_window_broadway_a,
          co_window_paths_c, co_window_corner_ca, co_window_4corner_b,
          glass_columns_b, nicolae_stop_n_shop_1, uniq_eustachio,
          uniq_blork_the_orc, uniq_grinder
D:5:      layout_gridville, lemuel_doored_altar, uniq_crazy_yiuf_cottage
D:6:      layout_cave_pods, ebering_ghost_sewer_f, kennysheep_generic_room_15,
          uniq_pikel

Skill      XL: |  1  2  3  4  5  6  7  8 |
---------------+-------------------------+-----
Axes           | 3 4 5 6 |  6.4
Armour         | 4 5 6 |  6.0
Fighting       | 4 5 |  5.0
Dodging        | 2 3 |  3.9
Throwing       | 1 2 |  2.8
Shields        | |  3.0

Action                   |  1- 3 |  4- 6 |  7- 9 || total
-------------------------+-------+-------+-------++-------
Melee: War axe           |    50 |    90 |   101 ||   241
       Kick              |    10 |    14 |    25 ||    49
       Peck              |     6 |     8 |    19 ||    33
Throw: Boomerang         |     8 |     2 |    16 ||    26
       Dart              |       |       |     9 ||     9
Evoke: Wand              |       |       |     3 ||     3
  Use: Scroll            |       |     4 |     3 ||     7
       Potion            |       |     1 |     2 ||     3
 Stab: Invisible         |       |       |     1 ||     1
Armor: Scale mail        |    19 |    29 |    55 ||   103
Dodge: Dodged            |    21 |    34 |    86 ||   141
Block: Buckler           |    13 |    23 |    31 ||    67

Table legend: (Time is in decaauts)
 A = Elapsed time spent in this place.
 B = Non-inter-level travel time spent in this place.
 C = Inter-level travel time spent in this place.
 D = Time resting spent in this place.
 E = Time spent auto-exploring this place.
 F = Levels seen in this place.
 G = Mean time per level.
                   A        B        C        D        E       F      G
               +--------+--------+--------+--------+--------+-----+--------+
         Total |   4372 |   4244 |    128 |    180 |   3244 |   6 |  728.7 |
       Dungeon |   4372 |   4244 |    128 |    180 |   3244 |   6 |  728.7 |
               +--------+--------+--------+--------+--------+-----+--------+

Top non-repeatable levels by time:
     D:4: 1017 daAuts
     D:5: 999 daAuts
     D:1: 844 daAuts
     D:2: 749 daAuts
     D:3: 671 daAuts
     D:6: 88 daAuts
